[Event "Israeli U18-Team-ch 2024"]
[Site "Rishon LeZion"]
[Date "2024.08.01"]
[Round "7.5"]
[White "Aizenberg, Benny"]
[Black "Sokolovsky, Yahli"]
[Result "0-1"]
[ECO "C95"]
[WhiteElo "2413"]
[BlackElo "2492"]
[Annotator "RC"]
[PlyCount "132"]
[EventDate "2024.08.01"]
[EventType "team-tourn"]
[EventCountry "ISR"]
[SourceTitle "playchess.com"]
[Source "ChessBase"]
[SourceQuality "1"]
[TimeControl "3000+10"]

1. e4 e5 2. Nf3 Nc6 3. Bb5 a6 4. Ba4 Nf6 5. O-O Be7 6. Re1 b5 7. Bb3 d6 8. c3 O-O 9. h3 Nb8 10. d4 Nbd7 11. Nbd2 c5 12. Nf1 Re8 13. Ng3 Bf8 14. Bc2 a5 15. b3 b4 16. d5 bxc3 17. Qd3 a4 18. Qxc3 axb3 19. Bxb3 Nb6 20. a4 Re7 21. a5 Rea7 22. Nd2 g6 23. Ngf1 Nh5 24. Bb2 Nd7 25. Nc4 Rb8 26. Bd1 Ba6 27. Nfd2 Qg5 28. Bg4 Ng7 29. Be2 Nh5 30. Bc1 Nf4 31. Bf1 Qe7 32. g3 Nh5 33. Ne3 Bc8 34. Qc2 Nhf6 35. Bb2 Ne8 36. Bc3 Bh6 37. Ndc4 Nc7 38. Bd2 Nb5 39. Reb1 Nd4 40. Qd1 Rxb1 41. Rxb1 Ba6 42. Kg2 Kg7 43. h4 Nf6 44. Bd3 Nd7 45. h5 Bg5 46. hxg6 fxg6 47. Qg4 h6 48. f4 exf4 49. gxf4 Nf6 50. Qh3 Bxf4 51. Nf5+ Nxf5 52. Bxf4 Nxe4 53. Kh2 Nf2 54. Qf3 Nxd3 55. Qxd3 Qh4+ 56. Kg2 Qxf4 57. Qc3+ Nd4 58. Nd2 Qg5+ 59. Kh1 Qh4+ 60. Kg2 Rf7 61. Qe3 Re7 62. Ne4 Rxe4 63. Rb7+ Bxb7 64. a6 Rxe3 65. a7 Qg3+ 66. Kh1 Re1# 0-1

[Event "Israeli U18-Team-ch 2024"]
[Site "Rishon LeZion"]
[Date "2024.08.01"]
[Round "7.6"]
[White "Vagman, Roy"]
[Black "Ostrovsky Berman, Noam"]
[Result "0-1"]
[ECO "C00"]
[WhiteElo "2308"]
[BlackElo "2053"]
[Annotator "RC"]
[PlyCount "92"]
[EventDate "2024.08.01"]
[EventType "team-tourn"]
[EventCountry "ISR"]
[SourceTitle "playchess.com"]
[Source "ChessBase"]
[SourceQuality "1"]
[TimeControl "3000+10"]

1. e4 e6 2. d3 d5 3. Nd2 Nf6 4. Ngf3 Nc6 5. g3 dxe4 6. dxe4 Bc5 7. Bg2 e5 8. O-O O-O 9. Qe2 Qe7 10. c3 a5 11. a4 Rd8 12. Nh4 Bg4 13. Ndf3 h6 14. h3 Be6 15. g4 Qd7 16. Re1 Qd3 17. Qxd3 Rxd3 18. Bf1 Rd6 19. Bb5 Bb3 20. Nd2 Bc2 21. Nf5 Rd7 22. Ra2 Nxe4 23. Nxe4 Bxe4 24. Rxe4 Rd1+ 25. Kg2 Rxc1 26. Bxc6 bxc6 27. Rxe5 Bd6 28. Re2 Kf8 29. Nd4 c5 30. Nb3 Rd1 31. Ra1 Rxa1 32. Nxa1 Rb8 33. c4 f6 34. h4 Be5 35. Re3 Rxb2 36. Nb3 Bd4 37. Rf3 Bxf2 38. Kh3 Bd4 39. g5 h5 40. gxf6 Be5 41. fxg7+ Kxg7 42. Nd2 Rxd2 43. Rf7+ Kg6 44. Rf2 Rd3+ 45. Kg2 Rd4 46. Re2 Kf5 0-1

[Event "Israeli U18-Team-ch 2024"]
[Site "Rishon LeZion"]
[Date "2024.08.01"]
[Round "7.7"]
[White "Manyevich, Rom"]
[Black "Pelech, Roee"]
[Result "0-1"]
[ECO "A09"]
[WhiteElo "2015"]
[BlackElo "2267"]
[Annotator "RC"]
[PlyCount "96"]
[EventDate "2024.08.01"]
[EventType "team-tourn"]
[EventCountry "ISR"]
[SourceTitle "playchess.com"]
[Source "ChessBase"]
[SourceQuality "1"]
[TimeControl "3000+10"]

1. Nf3 d5 2. c4 d4 3. b4 g6 4. Qb3 Bg7 5. Bb2 e5 6. d3 Ne7 7. g3 O-O 8. Bg2 h6 9. O-O Be6 10. Nbd2 Nd7 11. a4 c5 12. b5 g5 13. a5 f5 14. Qa3 g4 15. Ne1 Qc7 16. a6 b6 17. Nc2 Rad8 18. e3 f4 19. exf4 exf4 20. Nxd4 Bxd4 21. Bxd4 f3 22. Bh1 Ng6 23. Be3 Nde5 24. Rad1 Rxd3 25. Qb2 Qd8 26. Qc2 Bf5 27. Qa2 Kh7 28. Qa1 Qe7 29. Rfe1 Qf7 30. h4 Nxc4 31. Nxc4 Qxc4 32. h5 Nh8 33. Qe5 Qc3 34. Qc7+ Rf7 35. Qf4 Qg7 36. Qc4 Rfd7 37. Rxd3 Bxd3 38. Qf4 Nf7 39. Bc1 Qd4 40. Qb8 Be2 41. Qe8 c4 42. Rxe2 fxe2 43. Be4+ Kg7 44. Bxh6+ Nxh6 45. Qg6+ Kf8 46. Qxh6+ Ke7 47. Qh7+ Kd8 48. Qg8+ Kc7 0-1

[Event "Israeli U18-Team-ch 2024"]
[Site "Rishon LeZion"]
[Date "2024.08.01"]
[Round "7.8"]
[White "Tashkinova, Sofiia"]
[Black "Hermans, Ray"]
[Result "1-0"]
[ECO "C12"]
[WhiteElo "2127"]
[BlackElo "1926"]
[Annotator "RC"]
[PlyCount "69"]
[EventDate "2024.08.01"]
[EventType "team-tourn"]
[EventCountry "ISR"]
[SourceTitle "playchess.com"]
[Source "ChessBase"]
[SourceQuality "1"]
[TimeControl "3000+10"]

1. e4 e6 2. d4 d5 3. Nc3 Nf6 4. Bg5 Bb4 5. e5 h6 6. Bd2 Bxc3 7. bxc3 Ne4 8. Bc1 c5 9. Ne2 Nc6 10. f3 Ng5 11. h4 Nh7 12. Kf2 f6 13. Nf4 Nf8 14. Nh5 fxe5 15. dxe5 Nxe5 16. Nxg7+ Kf7 17. Nh5 Nfg6 18. g3 b6 19. Bh3 Nc4 20. f4 d4 21. Bg2 Rb8 22. Qd3 b5 23. a4 Bb7 24. Bxb7 Rxb7 25. axb5 Qd5 26. Re1 Nd6 27. Ra6 Re8 28. g4 c4 29. Qxd4 Qxd4+ 30. cxd4 Nxb5 31. d5 e5 32. f5 Ne7 33. Rxe5 Nc7 34. Rf6+ Kg8 35. d6 1-0

[Event "Israeli U18-Team-ch 2024"]
[Site "Rishon LeZion"]
[Date "2024.08.01"]
[Round "7.11"]
[White "Afek, Itay"]
[Black "Kochavi, Dana"]
[Result "1-0"]
[ECO "B10"]
[WhiteElo "1913"]
[BlackElo "2135"]
[Annotator "RC"]
[PlyCount "67"]
[EventDate "2024.08.01"]
[EventType "team-tourn"]
[EventCountry "ISR"]
[SourceTitle "playchess.com"]
[Source "ChessBase"]
[SourceQuality "1"]
[TimeControl "3000+10"]

1. e4 c6 2. d3 d5 3. Nd2 e5 4. Ngf3 Bd6 5. g3 Nf6 6. Bg2 O-O 7. O-O Re8 8. a4 Nbd7 9. Qe2 b6 10. Rd1 Qc7 11. Nf1 Ba6 12. Qe1 Rad8 13. a5 Bb7 14. Nh4 Bf8 15. Nf5 h6 16. h3 Nc5 17. Bd2 Ne6 18. N1e3 g6 19. Nh4 Ng5 20. Nf3 Ne6 21. Nh4 Qc8 22. Nf3 Nd4 23. Nh2 dxe4 24. dxe4 c5 25. axb6 axb6 26. f3 Nh5 27. Nhf1 Ba6 28. Qf2 Be2 29. Re1 Bxf3 30. Bxf3 Nxf3+ 31. Qxf3 Qxh3 32. Qg2 Qe6 33. Nd5 f5 34. Nc7 1-0

[Event "Israeli U18-Team-ch 2024"]
[Site "Rishon LeZion"]
[Date "2024.08.01"]
[Round "7.12"]
[White "Duchan, Yoav"]
[Black "Pearl, Oliver"]
[Result "1-0"]
[ECO "B11"]
[WhiteElo "2008"]
[BlackElo "1795"]
[Annotator "RC"]
[PlyCount "71"]
[EventDate "2024.08.01"]
[EventType "team-tourn"]
[EventCountry "ISR"]
[SourceTitle "playchess.com"]
[Source "ChessBase"]
[SourceQuality "1"]
[TimeControl "3000+10"]

1. e4 c6 2. Nc3 d5 3. Nf3 Bg4 4. h3 Bxf3 5. Qxf3 Nf6 6. g3 e6 7. Bg2 Nbd7 8. d4 Qa5 9. O-O Bb4 10. e5 Bxc3 11. bxc3 Ng8 12. a4 Nb6 13. Ba3 Nc4 14. Bb4 Qc7 15. Qg4 g6 16. a5 h5 17. Qg5 Qd8 18. Qxd8+ Kxd8 19. Rfb1 Nh6 20. Bf1 Nd2 21. Rb2 Nxf1 22. Kxf1 Kc8 23. Ke2 Rd8 24. Kf3 Rd7 25. g4 Ng8 26. Bc5 Ne7 27. Rg1 hxg4+ 28. hxg4 Kd8 29. Rgb1 Kc8 30. Rh1 Ng8 31. Rh8 Rd8 32. Rh7 Rd7 33. Rg7 Nh6 34. Rb1 b6 35. axb6 a5 36. Rh1 1-0

[Event "Israeli U18-Team-ch 2024"]
[Site "Rishon LeZion"]
[Date "2024.08.01"]
[Round "7.13"]
[White "Blonder, Daniel"]
[Black "Medovoy, Yaniv"]
[Result "1-0"]
[ECO "B22"]
[WhiteElo "1913"]
[BlackElo "2059"]
[Annotator "RC"]
[PlyCount "111"]
[EventDate "2024.08.01"]
[EventType "team-tourn"]
[EventCountry "ISR"]
[SourceTitle "playchess.com"]
[Source "ChessBase"]
[SourceQuality "1"]
[TimeControl "3000+10"]

1. e4 c5 2. c3 Nf6 3. e5 Nd5 4. d4 cxd4 5. Nf3 Nc6 6. Bc4 Nb6 7. Bb3 d5 8. exd6 Qxd6 9. O-O Be6 10. Na3 Bxb3 11. axb3 a6 12. cxd4 e6 13. Nc4 Qd8 14. Be3 Nd5 15. Qe2 Be7 16. Nfe5 Rc8 17. Rfc1 O-O 18. Nxc6 Rxc6 19. Ne5 Rxc1+ 20. Rxc1 Bf6 21. Ng4 Be7 22. Ne5 Bd6 23. h3 Re8 24. Qf3 Re7 25. Nd3 Rc7 26. Rxc7 Qxc7 27. Qe2 Qc6 28. Qd2 Bc7 29. Nb4 Qd6 30. Nxd5 Qxd5 31. Qc3 Bd6 32. Qc4 Qe4 33. Qc8+ Bf8 34. g3 f6 35. Bf4 Qd5 36. Qc4 Qd7 37. Bd2 Kf7 38. Bb4 Bxb4 39. Qxb4 h5 40. Qc5 g6 41. h4 Qe7 42. Qc8 f5 43. Qh8 Qf6 44. Qc8 Qxd4 45. Qxb7+ Kf6 46. Qxa6 Qd1+ 47. Qf1 Qxb3 48. Qe2 Qb6 49. Qd2 e5 50. b4 Qd4 51. Qxd4 exd4 52. Kf1 Ke5 53. Ke2 Ke4 54. f3+ Kd5 55. Kd3 f4 56. gxf4 1-0

[Event "Israeli U18-Team-ch 2024"]
[Site "Rishon LeZion"]
[Date "2024.08.01"]
[Round "7.15"]
[White "Gadasi, Noam"]
[Black "Abitbul, Matan"]
[Result "0-1"]
[ECO "C65"]
[WhiteElo "1808"]
[BlackElo "2035"]
[Annotator "RC"]
[PlyCount "86"]
[EventDate "2024.08.01"]
[EventType "team-tourn"]
[EventCountry "ISR"]
[SourceTitle "playchess.com"]
[Source "ChessBase"]
[SourceQuality "1"]
[TimeControl "3000+10"]

1. e4 e5 2. Nf3 Nc6 3. Bb5 Nf6 4. d3 Bc5 5. O-O Nd4 6. Nxd4 Bxd4 7. c3 Bb6 8. Nd2 O-O 9. h3 d5 10. Qe2 c6 11. Ba4 Re8 12. Nf3 h6 13. Re1 Qd6 14. Bd2 dxe4 15. dxe4 Be6 16. Bb3 Bxb3 17. axb3 Nh5 18. Kh2 Nf4 19. Bxf4 exf4 20. Kg1 Re7 21. e5 Qe6 22. Ra4 Qxb3 23. Rxf4 Rae8 24. Qd2 Bc7 25. Rb4 Qa2 26. Rxb7 Qa6 27. Rb4 Bxe5 28. Rd1 Bc7 29. g3 Bb6 30. Rg4 h5 31. Rf4 Re2 32. Qd3 Bxf2+ 33. Kh1 Qxd3 34. Rxd3 Bxg3 35. Rc4 Rxb2 36. Rd1 Rf2 37. Nd4 h4 38. Rxc6 Rh2+ 39. Kg1 Rxh3 40. Rc4 Rh2 41. Rb1 Ra2 42. Rcb4 h3 43. R4b2 Rxb2 0-1

[Event "Israeli U18-Team-ch 2024"]
[Site "Rishon LeZion"]
[Date "2024.08.01"]
[Round "7.16"]
[White "Berlad, Asaf"]
[Black "Gilad, Tomer"]
[Result "1-0"]
[ECO "E55"]
[WhiteElo "1955"]
[BlackElo "1826"]
[Annotator "RC"]
[PlyCount "87"]
[EventDate "2024.08.01"]
[EventType "team-tourn"]
[EventCountry "ISR"]
[SourceTitle "playchess.com"]
[Source "ChessBase"]
[SourceQuality "1"]
[TimeControl "3000+10"]

1. d4 Nf6 2. c4 e6 3. Nc3 Bb4 4. e3 O-O 5. Bd3 d5 6. Nf3 Nbd7 7. O-O c5 8. a3 cxd4 9. axb4 dxc3 10. bxc3 dxc4 11. Bxc4 Qc7 12. Qb3 Ne5 13. Nxe5 Qxe5 14. Ra5 Qc7 15. Be2 b6 16. Ra1 Bb7 17. c4 Rfd8 18. Bb2 Rd2 19. Rfe1 Ne4 20. f3 Nf6 21. Qc3 Rdd8 22. Rec1 h5 23. c5 bxc5 24. Qxc5 Qxc5 25. bxc5 Rd2 26. Bxf6 gxf6 27. Bb5 Rb2 28. Bd7 Rd8 29. c6 Bc8 30. Rxa7 Kg7 31. Ra8 Rxd7 32. cxd7 Bxd7 33. Ra7 Bb5 34. Rcc7 h4 35. Rxf7+ Kg6 36. h3 Rb1+ 37. Kh2 Rb2 38. Rg7+ Kf5 39. Rg4 Bf1 40. Ra5+ e5 41. Ra8 Be2 42. Kg1 Bb5 43. e4+ Ke6 44. Rxh4 1-0